[Event "Live Chess"]
[Site "Chess.com"]
[Date "2023.05.20"]
[Round "-"]
[White "AdamOwls"]
[Black "omisoc"]
[Result "1/2-1/2"]
[WhiteElo "1935"]
[BlackElo "2187"]
[TimeControl "300"]
[EndTime "12:13:11 PDT"]
[Termination "Game drawn by repetition"]

1. e4 b6 2. d4 Bb7 3. Nc3 Nf6 4. Bd3 e6 5. Nf3 Bb4 6. Bd2 Bxc3 7. Bxc3 Nxe4 8. Bxe4 Bxe4 9. O-O O-O 10. Re1 Bxf3 11. Qxf3 d5 12. Bd2 Nd7 13. Rac1 Qf6 14. Qg3 Rac8 15. c4 c5 16. cxd5 exd5 17. dxc5 bxc5 18.
Bg5 Qg6 19. Re7 Qf5 20. Bh6 Qg6 21. Qxg6 hxg6 22. Bxg7 Kxg7 23. Rxd7 d4 24. Rxa7 c4 25. Rd7 c3 26. bxc3 dxc3 27. Rd3 Ra8 28. Rc2 Rfb8 29. g3 Rb2 30. Rdxc3 Raxa2 31. Rxb2 Rxb2 32. h4 Ra2 33. Kg2 Rb2 34. Rc7 Ra2 35. Rc5 Rb2 36.
Rc4 Ra2 37. Rf4 Rb2 38. Kh3 Ra2 39. Kg4 Ra5 40. f3 Rb5 41. Re4 Rf5 42. Rf4 Rd5 43. Rc4 Rb5 44. Rc7 Rb4+ 45. f4 Rb5 46. Re7 Rb3 47.
Re5 Ra3 48. h5 gxh5+ 49. Rxh5 Rb3 50. Rg5+ Kf6 51. Rf5+ Kg6 52. Rg5+ Kf6 53. Rf5+ Kg6 54. Rg5+ Kf6 1/2-1/2

[Event "Live Chess"]
[Site "Chess.com"]
[Date "2023.05.20"]
[Round "-"]
[White "Horseymobile"]
[Black "whitedjohn"]
[Result "0-1"]
[WhiteElo "1191"]
[BlackElo "1663"]
[TimeControl "300"]
[EndTime "12:13:17 PDT"]
[Termination "whitedjohn won by resignation"]

1. d4 Nf6 2. c4 c5 3. d5 e6 4. Nc3 exd5 5. cxd5 d6 6. Nf3 g6 7. Bf4 a6 8. a4 b6 9. e4 Bg7 10. Be2 O-O 11. O-O Bg4 12. Re1 Bxf3 13. Bxf3 Qc7 14. e5 Ne8 15. Bg4 Nd7 16. e6 Ne5 17. Bxe5 Bxe5 18. exf7+ Rxf7 19. Be6 Nf6 20. Bxf7+ Qxf7 21. Ne4 Nxd5 22. Ng5 Bxh2+ 23. Kxh2 Qf4+ 24. Kg1 Qxg5 25. Qe2 Nf4 26. Qf3 Rf8 27. Re4 d5 28. Re3 d4 29.
Re4 d3 30. Rae1 Ne2+ 31. R4xe2 Rxf3 32. Re8+ Kg7 33. R1e7+ Rf7 34. Rxf7+ Kxf7 0-1

[Event "Live Chess"]
[Site "Chess.com"]
[Date "2023.05.20"]
[Round "-"]
[White "mpersander"]
[Black "hturner40"]
[Result "0-1"]
[WhiteElo "1000"]
[BlackElo "1799"]
[TimeControl "300"]
[EndTime "12:13:21 PDT"]
[Termination "hturner40 won by resignation"]

1. e4 Nc6 2. d4 e5 3. d5 Nce7 4. c4 Ng6 5. Nf3 Bc5 6. Nc3 a5 7. Na4 Ba7 8. Be2 d6 9. O-O Nf6 10. Bd3 Nh5 11. Nxe5 Nxe5 12. Qxh5 Nxd3 13. Qf3 Ne5 14. Qg3 O-O 15. Bh6 Ng4 16. Bxg7 Kxg7 17. h3 h5 18. hxg4 hxg4 19. Nc3 Rh8 20. a3 Qh4 21. Qxh4 Rxh4 22. g3 Rh3 23. Kg2 Bd7 24.
b4 Rah8 25. Rh1 Rxh1 26. Rxh1 Rxh1 27. Kxh1 axb4 28. axb4 Bxf2 29. Kg2 Bd4 30. Nb5 Bb6 31. Nc3 Kf6 32. Kf1 Ke5 33. Ne2 Kxe4 34. Nf4 Be3 35. Nh5 Bg5 36. Ng7 Kd4 37. Ke2 Kxc4 38. b5 Kxb5 39. Kd3 Kc5 40. Nh5 b5 41. Ke4 f5+ 42. Kd3 b4 0-1

[Event "Live Chess"]
[Site "Chess.com"]
[Date "2023.05.20"]
[Round "-"]
[White "SupremeTactician"]
[Black "BritishIsles"]
[Result "0-1"]
[WhiteElo "2386"]
[BlackElo "2421"]
[TimeControl "300"]
[EndTime "12:13:42 PDT"]
[Termination "BritishIsles won by resignation"]

1. e4 d5 2. exd5 Qxd5 3. Nc3 Qe5+ 4. Be2 c6 5. Nf3 Qc7 6. d4 Bf5 7. Be3 e6 8. O-O Nf6 9. Ne5 Nbd7 10. Bd3 Bxd3 11.
Nxd3 Bd6 12. h3 O-O 13. Qf3 e5 14. dxe5 Nxe5 15. Nxe5 Bxe5 16. Bg5 Rfe8 17. Rfe1 Bxc3 18. Qxc3 Ne4 19. Qe3 Re6 20. Bf4 Qa5 21. c3 Rae8 22. Qf3 Ng5 0-1

[Event "Live Chess"]
[Site "Chess.com"]
[Date "2023.05.20"]
[Round "-"]
[White "tuppyglossop"]
[Black "ElectricFalcon"]
[Result "1-0"]
[WhiteElo "1598"]
[BlackElo "1065"]
[TimeControl "300"]
[EndTime "12:13:46 PDT"]
[Termination "tuppyglossop won by resignation"]

1. e4 e5 2. Nf3 Nc6 3. Bb5 Bc5 4.
O-O Nf6 5. d3 O-O 6. c3 a6 7. Ba4 b5 8. Bc2 d5 9. Bg5 dxe4 10.
dxe4 Be7 11. Qe2 Bg4 12. Rd1 Qc8 13. h3 Bxf3 14. Qxf3 Qe6 15. Nd2 Rad8 16. Bb3 Qd6 17. Nf1 Qc5 18. Be3 Nd4 19. cxd4 exd4 20. Rac1 Qa7 21.
Bg5 Qb8 22. e5 h6 23. exf6 Bxf6 24. Bxf6 gxf6 25. Qxf6 Qb6 26. Qxh6 Qxh6 27. Ng3 d3 28. Nf5 Qb6 29. Ne7+ Kg7 30. Rc6 Qd4 31. Nf5+ Kg8 32. Nxd4 Rxd4 33. Rxc7 d2 34. Kf1 Kh8 35. Bxf7 Rfd8 36.
Bb3 Re4 37. Rc6 a5 38. Bc2 Rb4 39. b3 a4 40. bxa4 bxa4 41. Ke2 Rbd4 42. g3 Re8+ 43. Kf1 a3 44. h4 Kg7 45. Kg2 Re1 46. Rc3 Rxd1 47.
Bxd1 Kf6 48. Rxa3 Ke5 49. Kf1 Kf5 50. Ke2 Kg4 51. Rd3 Re4+ 52. Kxd2+ Kf5 53. f3 Ra4 54. Bb3 Ra8 55. Rd5+ Ke6 56. Rd8+ 1-0

[Event "Live Chess"]
[Site "Chess.com"]
[Date "2023.05.20"]
[Round "-"]
[White "Greenbecker"]
[Black "KeithArkell"]
[Result "0-1"]
[WhiteElo "1626"]
[BlackElo "2610"]
[TimeControl "300"]
[EndTime "12:13:47 PDT"]
[Termination "KeithArkell won by resignation"]

1. e4 c6 2. d4 d5 3. exd5 cxd5 4. Bd3 Nf6 5. Nf3 Nc6 6. O-O Bg4 7. c3 e6 8. h3 Bxf3 9. Qxf3 Be7 10. Re1 O-O 11. Bg5 Ne8 12. Bxe7 Qxe7 13. Nd2 Qf6 14.
Re3 Qxf3 15. Nxf3 Nd6 16. Ne5 Rfd8 17. Nxc6 bxc6 18. b3 a5 19. Bc2 Rdc8 20. Rc1 c5 21. dxc5 Rxc5 22. Bd3 Rac8 23. Kh2 g6 24. Bb1 Kg7 25.
Rd3 Nb5 26. c4 dxc4 27. bxc4 Rxc4 28. Rxc4 Rxc4 29. Rb3 Rb4 30. Rxb4 axb4 31. Bc2 Nd4 32. Bb1 f5 33. Kg3 e5 34. f3 f4+ 35. Kf2 Kf6 36. Ke1 Nb5 37. Bc2 Nd4 38. Bd3 Kg5 39. Kf2 Kh4 40. Bc4 g5 41. Bg8 h5 42. Bc4 g4 43.
hxg4 hxg4 44. fxg4 Kxg4 45. Bf7 e4 46. Bd5 e3+ 47. Ke1 Kg3 48. Bb7 Nb5 49. Ke2 Nc3+ 50. Kd3 Nxa2 51. Kc4 e2 0-1

[Event "Live Chess"]
[Site "Chess.com"]
[Date "2023.05.20"]
[Round "-"]
[White "Hoogleboogle"]
[Black "booktrunk"]
[Result "1-0"]
[WhiteElo "1386"]
[BlackElo "1322"]
[TimeControl "300"]
[EndTime "12:13:50 PDT"]
[Termination "Hoogleboogle won by checkmate"]

1. d4 d6 2. c4 d5 3. Bf4 dxc4 4. e3 Bf5 5. Bxc4 e6 6. Nc3 Bd6 7. Bg3 Bxg3 8. hxg3 c6 9. Nf3 Nd7 10. Nh4 Bg6 11. Nxg6 fxg6 12. Bxe6 Qe7 13. Qg4 Ngf6 14. Bxd7+ Nxd7 15. Ke2 O-O-O 16. Rh2 Kc7 17. Qf4+ Kc8 18. Rah1 h5 19. g4 g5 20. Qf5 h4 21. g3 Rdf8 22. Qg6 Qb4 23. Qc2 Qc4+ 24. Ke1 Nf6 25. gxh4 gxh4 26.
Rxh4 Rxh4 27. Rxh4 Ne4 28. Qxe4 Qf7 29. f4 Qf6 30. g5 Qd6 31. Rh7 Qd7 32. Qe5 Re8 33. Qxg7 Rxe3+ 34. Kd2 Qe8 35. Qc7# 1-0

[Event "Live Chess"]
[Site "Chess.com"]
[Date "2023.05.20"]
[Round "-"]
[White "Leonid_Starozhilov"]
[Black "jusjoel"]
[Result "1-0"]
[WhiteElo "2653"]
[BlackElo "265"]
[TimeControl "300"]
[EndTime "12:13:53 PDT"]
[Termination "Leonid_Starozhilov won by resignation"]

1. b3 e5 2. Bb2 d6 3. d4 f6 4. e4 d5 5. dxe5 fxe5 6. Qh5+ Ke7 7. Qxe5+ Kd7 8. Qxd5+ Ke7 9. Ba3+ Kf6 10. Qxd8+ Kf7 11. Bc4+ Be6 12. Qxf8+ Kg6 13. Bxe6 Nd7 14. Qf5+ 1-0

[Event "Live Chess"]
[Site "Chess.com"]
[Date "2023.05.20"]
[Round "-"]
[White "Tema1107"]
[Black "HugeManAmin"]
[Result "1-0"]
[WhiteElo "1970"]
[BlackElo "1455"]
[TimeControl "300"]
[EndTime "12:13:55 PDT"]
[Termination "Tema1107 won by resignation"]

1. c4 e5 2. Nc3 Nc6 3. g3 Nf6 4. Bg2 d6 5. e3 Bf5 6. d3 Qe7 7. Nge2 O-O-O 8. a3 Be6 9. Nd5 Bxd5 10. cxd5 Nb8 11.
b4 e4 12. dxe4 Nxe4 13. O-O Qe5 14. Qd4 Qxd4 15. Nxd4 Nf6 16. Bb2 g6 17. Ne6 1-0

[Event "Live Chess"]
[Site "Chess.com"]
[Date "2023.05.20"]
[Round "-"]
[White "Salpingidis"]
[Black "GMHarry-youtube"]
[Result "1-0"]
[WhiteElo "2301"]
[BlackElo "2108"]
[TimeControl "300"]
[EndTime "12:13:59 PDT"]
[Termination "Salpingidis won by checkmate"]

1. d4 Nf6 2. c4 g6 3. Nc3 d5 4. cxd5 Nxd5 5. Bd2 Bg7 6. e4 Nxc3 7. Bxc3 O-O 8. Be2 c5 9. d5 Bxc3+ 10. bxc3 e6 11. Nf3 exd5 12. exd5 Re8 13. O-O Nd7 14. Re1 Ne5 15.
Nxe5 Rxe5 16. Bf3 Qd6 17. Rxe5 Qxe5 18. Qd2 Qd6 19. Re1 b5 20. Re8+ Kg7 21. Qe2 Bb7 22.
Rxa8 Bxa8 23. Qxb5 Bxd5 24. Qd3 Qe6 25. Bxd5 Qe1+ 26. Qf1 Qxc3 27. h3 Qd4 28. Qc4 Qd1+ 29. Kh2 Qd2 30. Qxc5 Qf4+ 31. g3 Qf5 32. Qd4+ Kg8 33.
Bb3 a5 34. Kg2 Qb5 35. Qd8+ Kg7 36. Qd5 Qb4 37. Qxf7+ Kh6 38. h4 a4 39. Bd5 Qb5 40. Qf8+ Kh5 41. Bf3# 1-0

[Event "Live Chess"]
[Site "Chess.com"]
[Date "2023.05.20"]
[Round "-"]
[White "PackedNote"]
[Black "Wild_Tiger"]
[Result "0-1"]
[WhiteElo "783"]
[BlackElo "1057"]
[TimeControl "300"]
[EndTime "12:14:06 PDT"]
[Termination "Wild_Tiger won by checkmate"]

1. e4 e5 2. Nf3 Nc6 3. Bb5 d6 4. O-O Bd7 5. Re1 a6 6. Ba4 Nf6 7. h3 Be7 8. c3 O-O 9. d3 b5 10. Bb3 Na5 11. Bd5 Nxd5 12. exd5 Nb7 13. Be3 Nc5 14. d4 exd4 15. Bxd4 Bf6 16. Bxc5 dxc5 17. Nbd2 Re8 18. Qc2 c6 19. h4 cxd5 20. Ng5 Bxg5 21. hxg5 Qxg5 22. Nf3 Qg4 23. Qd3 Rxe1+ 24. Rxe1 Be6 25.
Qe3 Re8 26. Qxc5 Qg6 27. Qc6 Rc8 28. Qxa6 Bh3 29. Qxg6 hxg6 30. gxh3 Ra8 31. a3 Kh7 32. Ne5 f6 33. Nc6 Ra6 34. Nd4 Kh6 35. Nxb5 Rb6 36. Nd6 Rxd6 37. b4 Rc6 38. Rd1 Rxc3 39. Rxd5 Rxa3 40.
b5 Rb3 41. Kf1 Rb2 42. Ke1 g5 43. Kd1 Kg6 44. Ke1 Kf7 45. f3 Ke6 46. Rc5 Kd6 47. Rc8 Rxb5 48. Rg8 Rb7 49. Kf2 Ke6 50. Kg3 Kf5 51.
Rh8 Kg6 52. h4 Rb4 53. hxg5 Kxg5 54. Rg8 g6 55. Kg2 Kf5 56. Kg3 g5 57. Kg2 Kf4 58.
Rf8 f5 59. Kf2 Rb2+ 60. Ke1 Ke3 61. Rxf5 Rb1# 0-1

[Event "Live Chess"]
[Site "Chess.com"]
[Date "2023.05.20"]
[Round "-"]
[White "1600x"]
[Black "OceanFloater"]
[Result "1-0"]
[WhiteElo "1694"]
[BlackElo "979"]
[TimeControl "300"]
[EndTime "12:14:06 PDT"]
[Termination "1600x won by checkmate"]

1. d4 c6 2. Nc3 d5 3. e3 Bf5 4.
Nh3 e6 5. g3 h6 6. g4 Bg6 7.
Nf4 Bh7 8. Bg2 c5 9. Nd3 c4 10. Ne5 Ne7 11. O-O Ng6 12. Nxc4 dxc4 13. Bxb7 Nd7 14.
Bxa8 Qxa8 15. f4 Nh4 16. Qe2 Bd6 17. e4 Nf6 18. e5 Nxg4 19. exd6 Nxh2 20. Kxh2 Kd7 21. d5 g5 22. Qxc4 exd5 23. Qc7+ Ke6 24. Qe7+ Kf5 25. fxg5+ Kg6 26. Qxf7# 1-0

[Event "Live Chess"]
[Site "Chess.com"]
[Date "2023.05.20"]
[Round "-"]
[White "LiamClery2020"]
[Black "Ayursworld"]
[Result "1-0"]
[WhiteElo "2086"]
[BlackElo "1371"]
[TimeControl "300"]
[EndTime "12:14:08 PDT"]
[Termination "LiamClery2020 won by checkmate"]

1. e4 c5 2. Nf3 Nc6 3. Bb5 d6 4. Bxc6+ bxc6 5. O-O e5 6. h3 Nf6 7. Re1 Be7 8. c3 O-O 9. d4 cxd4 10. cxd4 exd4 11. Nxd4 c5 12. Nc6 Qd7 13. Nxe7+ Qxe7 14. Nc3 Re8 15. Bg5 h6 16. Nd5 Qd8 17. Bxf6 gxf6 18. Qh5 Kg7 19. Re3 Be6 20. Rg3+ Kh8 21. Qxh6# 1-0

[Event "Live Chess"]
[Site "Chess.com"]
[Date "2023.05.20"]
[Round "-"]
[White "Zeraora719"]
[Black "GEMdzq"]
[Result "0-1"]
[WhiteElo "796"]
[BlackElo "2243"]
[TimeControl "300"]
[EndTime "12:14:12 PDT"]
[Termination "GEMdzq won by checkmate"]

1. e4 d6 2. d4 Nf6 3. f3 g6 4.
Ne2 Bg7 5. Nbc3 c6 6. g4 h5 7. g5 Nfd7 8. Bg2 b5 9. a3 Nb6 10.
O-O h4 11. h3 Bd7 12. f4 Qc8 13. Qd3 Na6 14. f5 b4 15. Nd1 c5 16. fxg6 fxg6 17. e5 Bf5 18. Rxf5 gxf5 19. exd6 exd6 20. Bxa8 Nxa8 21.
Ne3 O-O 22. Qc4+ Kh7 23. dxc5 f4 24. Nxf4 Qxc5 25. Qd3+ Kg8 26. Ne6 Qe5 27. Nxf8 Nc5 28. Qc4+ Kxf8 29. axb4 Nb6 30. Qg8+ Kxg8 31. Nc4 Qg3+ 32.
Kf1 Ne4 33. Rxa7 Qf2# 0-1

[Event "Live Chess"]
[Site "Chess.com"]
[Date "2023.05.20"]
[Round "-"]
[White "apl_trainer"]
[Black "Doge_Dandolo"]
[Result "1-0"]
[WhiteElo "1630"]
[BlackElo "2026"]
[TimeControl "300"]
[EndTime "12:14:30 PDT"]
[Termination "apl_trainer won by checkmate"]

1. d4 d5 2. c4 c6 3. Nf3 Nf6 4. Nc3 a6 5. c5 g6 6. Bf4 Bg7 7. h3 O-O 8. e3 Bf5 9. Qb3 Ra7 10.
Be2 Nbd7 11. O-O Ne4 12. Bh2 Re8 13. Nh4 Nxc3 14. bxc3 Be6 15. Bd3 f6 16. Nf3 Bf7 17.
c4 e5 18. cxd5 e4 19. Bc4 exf3 20. dxc6 Bxc4 21. Qxc4+ Kh8 22. cxd7 Qxd7 23. gxf3 Qxh3 24. Qf7 Rf8 25. Qe7 Qxf3 26. Rab1 f5 27. Rb6 Qg4+ 28. Bg3 h5 29. Rfb1 Raa8 30. Rxb7 Rg8 31. Qh4 Qf3 32. Qg5 Qe4 33. Qxg6 Qf3 34. R1b6 Rae8 35. Qh6+ Bxh6 36. Rxh6# 1-0

[Event "Live Chess"]
[Site "Chess.com"]
[Date "2023.05.20"]
[Round "-"]
[White "blunderabit"]
[Black "thrithik"]
[Result "1-0"]
[WhiteElo "1890"]
[BlackElo "385"]
[TimeControl "300"]
[EndTime "12:14:37 PDT"]
[Termination "blunderabit won by checkmate"]

1. e4 a6 2. d4 Nc6 3. Nf3 Nf6 4. d5 Nxe4 5. dxc6 dxc6 6. Qxd8+ Kxd8 7. Bd3 Bf5 8. O-O Nxf2 9. Rxf2 Bxd3 10. Rd2 Kc8 11. Rxd3 a5 12. Ne5 Ra6 13. Nxf7 Rb6 14. Rd8# 1-0

[Event "Live Chess"]
[Site "Chess.com"]
[Date "2023.05.20"]
[Round "-"]
[White "MaximKris"]
[Black "WelshTiger"]
[Result "0-1"]
[WhiteElo "1876"]
[BlackElo "2404"]
[TimeControl "300"]
[EndTime "12:14:48 PDT"]
[Termination "WelshTiger won by checkmate"]

1. e4 c5 2. Nf3 d6 3. c3 Nf6 4. Bd3 e5 5. O-O Be7 6. Bc2 O-O 7. d4 cxd4 8. cxd4 Bg4 9. dxe5 Bxf3 10. Qxf3 dxe5 11.
Rd1 Qc7 12. Nc3 Nc6 13. Nd5 Nxd5 14. exd5 Nd4 15. Bxh7+ Kxh7 16. Qh5+ Kg8 17. Be3 Bf6 18. Bxd4 exd4 19. Rac1 Qe5 20. Qxe5 Bxe5 21. g3 Rac8 22.
f4 Bd6 23. Re1 Rfe8 24. Rxe8+ Rxe8 25. Rd1 Re2 26. Kf1 Rxb2 27. Rxd4 Rxa2 28. Rc4 a5 29.
Rc8+ Kh7 30. Rd8 Bb4 31. Rb8 Rd2 32. Rxb7 Rxd5 33. Rxf7 a4 34. Ra7 Ra5 35. Rb7 a3 36.
Rxb4 a2 37. Re4 a1=Q+ 38. Re1 Qb2 39. Re2 Ra1+ 40. Kf2 Qd4+ 41. Kf3 Qd3+ 42. Kf2 Rh1 43. h4 Rh2+ 44. Kg1 Qxe2 45. h5 Qg2# 0-1

[Event "Live Chess"]
[Site "Chess.com"]
[Date "2023.05.20"]
[Round "-"]
[White "SallyTheJanitor"]
[Black "Ocelot32"]
[Result "0-1"]
[WhiteElo "342"]
[BlackElo "1397"]
[TimeControl "300"]
[EndTime "12:14:48 PDT"]
[Termination "Ocelot32 won - game abandoned"]

1. c4 Nf6 2. d3 c5 3. Nf3 e6 4. Nc3 Be7 5. Ne4 d6 6. Nxf6+ Bxf6 7. g3 Nc6 8. Bg2 Bd7 9. Be3 O-O 10. Qd2 a6 11. Ng5 h6 12. Nf3 b5 13. g4 bxc4 14.
g5 hxg5 0-1

[Event "Live Chess"]
[Site "Chess.com"]
[Date "2023.05.20"]
[Round "-"]
[White "Demyan7777"]
[Black "Geomorph"]
[Result "1-0"]
[WhiteElo "1668"]
[BlackElo "1238"]
[TimeControl "300"]
[EndTime "12:14:55 PDT"]
[Termination "Demyan7777 won by resignation"]

1. e4 e5 2. Nf3 Nc6 3. d4 exd4 4. Nxd4 Bc5 5. Be3 Qf6 6. c3 Qg6 7. Bd3 Qxg2 8. Rf1 Nf6 9. Nb5 Bxe3 10. Nxc7+ Kd8 11.
Nxa8 Bh6 12. Qe2 Re8 13. f3 Qg5 14. Nd2 Nd5 15. O-O-O Ne3 16. f4 Qc5 17. Nb3 Qd6 18. Qxe3 f5 19. e5 Nxe5 20. Qd4 Qxd4 21. Nxd4 d6 22.
Bxf5 Bxf5 23. Nxf5 Ng4 24. Rxd6+ Kc8 25. Rfd1 Bxf4+ 26. Kb1 Bxd6 27. Nxd6+ Kd7 28. Nxe8+ Kxe8 29. Nc7+ Kf7 30.
h3 Ne3 31. Re1 Ng2 32. Rf1+ Kg6 33. Nd5 h5 34. Rg1 1-0

[Event "Live Chess"]
[Site "Chess.com"]
[Date "2023.05.20"]
[Round "-"]
[White "AbilifyXL"]
[Black "JoshMcK"]
[Result "1-0"]
[WhiteElo "1948"]
[BlackElo "1561"]
[TimeControl "300"]
[EndTime "12:15:00 PDT"]
[Termination "AbilifyXL won by resignation"]

1. d4 d5 2. c4 e6 3. Nc3 Nf6 4. cxd5 exd5 5. Nf3 Nc6 6. Bg5 Be7 7. e3 Bg4 8. Be2 h6 9. Bxf6 Bxf6 10. Qb3 b6 11. Qxd5 Qxd5 12. Nxd5 O-O-O 13. Nxf6 gxf6 14. O-O Bxf3 15. Bxf3 Ne7 16. Rac1 h5 17. g3 h4 18. Rc2 hxg3 19. hxg3 Rh6 20. Rfc1 Rd7 21. Bg4 f5 22. Bf3 f6 23. Kg2 Ng6 24. Rc6 Rdh7 25. Kg1 Nf8 26. Kf1 Re7 27. b4 Ne6 28. a4 Ng5 29. Bg2 Ne4 30. a5 Nd2+ 31. Ke2 Nb3 32. R1c3 Nxd4+ 33.
Kf1 Nxc6 34. Rxc6 Rd7 35. Bf3 Rd6 36. Rc4 Rh7 37. axb6 axb6 38. b5 Rhd7 39. Ra4 Re7 40.
Bc6 Rxc6 41. bxc6 1-0

[Event "Live Chess"]
[Site "Chess.com"]
[Date "2023.05.20"]
[Round "-"]
[White "xx_blindpuffin_xx"]
[Black "f4nomore"]
[Result "1-0"]
[WhiteElo "2211"]
[BlackElo "1372"]
[TimeControl "300"]
[EndTime "12:15:03 PDT"]
[Termination "xx_blindpuffin_xx won by checkmate"]

1. d4 g6 2. Bf4 Bg7 3. e3 d6 4. Nf3 Nf6 5. h3 Nbd7 6. Be2 c5 7.
c3 cxd4 8. exd4 O-O 9. O-O Nb6 10. Nbd2 Nbd5 11. Bh2 Be6 12. Re1 Qd7 13. Ng5 h6 14.
Nxe6 fxe6 15. Bd3 g5 16. Qe2 e5 17. dxe5 dxe5 18. Qxe5 Qc6 19. Bc4 Kh7 20. Qe6 Qxe6 21.
Rxe6 a6 22. Ne4 b5 23. Nxf6+ Nxf6 24. Bd3+ Kh8 25. Rxe7 Nd5 26. Ree1 Nf4 27. Bf1 Rad8 28.
Rad1 Rxd1 29. Rxd1 b4 30. cxb4 Bxb2 31. Bg3 Bc3 32. Rd6 Bxb4 33. Rxh6+ Kg7 34. Rxa6 Nd5 35. Bc4 Nc3 36. Be5+ Kh7 37. Bd3+ Kg8 38. Ra7 Rf7 39. Bc4 Ne2+ 40. Kh2 Kh7 41. Rxf7+ Kg6 42. Rf6+ Kh5 43. Bxe2+ g4 44. Bf4 Be7 45. Rh6# 1-0

[Event "Live Chess"]
[Site "Chess.com"]
[Date "2023.05.20"]
[Round "-"]
[White "JackRudd"]
[Black "luckywookie"]
[Result "1-0"]
[WhiteElo "2480"]
[BlackElo "744"]
[TimeControl "300"]
[EndTime "12:15:04 PDT"]
[Termination "JackRudd won by checkmate"]

1. d4 d5 2. c4 c6 3. Nf3 Nf6 4. e3 Bg4 5. Nc3 e6 6. Be2 Nbd7 7. O-O Bd6 8. b3 O-O 9. a4 Bb4 10. Bb2 Bxc3 11. Bxc3 Ne4 12. Bb4 Re8 13. cxd5 cxd5 14. Bb5 a6 15. Bxd7 Qxd7 16. h3 Bxf3 17. gxf3 Ng5 18.
f4 Nxh3+ 19. Kg2 Qe7 20. Bxe7 Rxe7 21. Kxh3 f5 22. Rc1 g5 23. Rg1 g4+ 24. Kg3 Rg7 25.
Rc5 Rg6 26. Rh1 Kg7 27. Rc7+ Kf6 28. Rhxh7 Rag8 29. Rhf7# 1-0

[Event "Live Chess"]
[Site "Chess.com"]
[Date "2023.05.20"]
[Round "-"]
[White "wadsy27"]
[Black "Stanbad1"]
[Result "0-1"]
[WhiteElo "2574"]
[BlackElo "2431"]
[TimeControl "300"]
[EndTime "12:15:05 PDT"]
[Termination "Stanbad1 won by resignation"]

1. c4 Nf6 2. g3 g6 3. Bg2 d6 4. Nc3 Bg7 5. e4 O-O 6. Nge2 e5 7. d3 c6 8. O-O Na6 9. Rb1 Nc7 10. Bg5 h6 11. Bxf6 Bxf6 12. b4 Be6 13. b5 d5 14. bxc6 bxc6 15. exd5 cxd5 16. Qa4 Rc8 17. Qxa7 dxc4 18. dxc4 Bxc4 19. Rfd1 Qe8 20. Ne4 Be7 21. N2c3 Ne6 22. Rb7 Ra8 23. Rxe7 Rxa7 24. Nf6+ Kh8 25. Rxe8 Rxe8 26. Nxe8 Nd4 27. Nd6 Be6 28.
Ndb5 Nxb5 29. Nxb5 Rxa2 30. Bd5 Bxd5 31. Rxd5 e4 32. Nc3 Ra1+ 33. Kg2 Re1 34. Re5 f5 35. Re7 g5 36. Nd5 Kg8 37. h4 Kf8 38. Re5 f4 39. gxf4 gxh4 40. f5 Rd1 41. f6 Kf7 42. Kh3 Rh1+ 43. Kg4 h3 44. Re7+ Kf8 45. Kg3 h2 46. Kg2 Rd1 47. Kxh2 Rxd5 48. Rh7 h5 49.
Kg3 Rf5 50. Rh6 Kf7 51. Kh4 Rxf2 52. Rxh5 Rh2+ 53. Kg4 Rxh5 0-1

[Event "Live Chess"]
[Site "Chess.com"]
[Date "2023.05.20"]
[Round "-"]
[White "JohanKjeldahl"]
[Black "Judgen68"]
[Result "1-0"]
[WhiteElo "1805"]
[BlackElo "1262"]
[TimeControl "300"]
[EndTime "12:15:06 PDT"]
[Termination "JohanKjeldahl won by resignation"]

1. e4 Nf6 2. e5 Nd5 3. d4 d6 4.
c4 Nb6 5. Nf3 g6 6. Nc3 Bg7 7.
Bf4 O-O 8. Be2 Nc6 9. exd6 cxd6 10. O-O d5 11. c5 Nc4 12. b3 e5 13. bxc4 exf4 14.
cxd5 Ne7 15. d6 Nf5 16. Rc1 g5 17. Ne5 Nh4 18. Nd5 Re8 19. Nc7 Rxe5 20. dxe5 Bxe5 21. Nxa8 f3 22. Bxf3 g4 23. Bxg4 Qg5 24. d7 Bxd7 25. Qxd7 Qf4 26. Qd8+ Kg7 27. Qxh4 1-0

[Event "Live Chess"]
[Site "Chess.com"]
[Date "2023.05.20"]
[Round "-"]
[White "1600x"]
[Black "booktrunk"]
[Result "1-0"]
[WhiteElo "1698"]
[BlackElo "1320"]
[TimeControl "300"]
[EndTime "12:15:08 PDT"]
[Termination "1600x won by checkmate"]

1. d4 d5 2. e3 Nf6 3. Nf3 Bf5 4. c4 h6 5. cxd5 Qxd5 6. Nc3 Qd8 7. Ne5 e6 8. Qb3 b6 9. e4 Bh7 10. Bb5+ Nfd7 11. d5 exd5 12. Qxd5 c6 13. Qxf7# 1-0

[Event "Live Chess"]
[Site "Chess.com"]
[Date "2023.05.20"]
[Round "-"]
[White "bristolunichess"]
[Black "ViktorTheCoolBoy"]
[Result "0-1"]
[WhiteElo "1776"]
[BlackElo "2527"]
[TimeControl "300"]
[EndTime "12:15:13 PDT"]
[Termination "ViktorTheCoolBoy won on time"]

1. d4 d5 2. c4 e6 3. Nc3 a6 4. e3 Nf6 5. Nf3 c5 6. Be2 Nc6 7. O-O cxd4 8. Nxd4 Bc5 9. Nb3 Ba7 10. cxd5 exd5 11.
Bf3 Be6 12. Re1 O-O 13. Ne2 Rc8 14. Nf4 Re8 15. a3 Qd6 16. Nxe6 Rxe6 17. Bd2 Ne4 18. Rc1 Rd8 19. Qc2 Qe7 20. Bc3 Nxc3 21. Qxc3 h6 22. g3 Ne5 23. Bg2 Ng4 24. Rcd1 Rf6 25. Rd2 d4 26.
Qd3 Nxf2 27. Qe2 d3 28. Qh5 Ne4 29. Bxe4 Qxe4 30. Nc5 Qf3 31. Qxf3 Rxf3 32. Nxb7 Rd7 33. Na5 Rxe3 34. Kf1 Rxe1+ 35. Kxe1 Be3 36. Rd1 Re7 37.
Kf1 Bd4 38. Rxd3 Bxb2 39. Rd8+ Kh7 40. Nc4 Bf6 41. Nd6 Re6 42. Rd7 Kg6 43. Nxf7 Be7 44. Nd8 Bxd8 45. Rxd8 Re3 46. a4 Re4 0-1

[Event "Live Chess"]
[Site "Chess.com"]
[Date "2023.05.20"]
[Round "-"]
[White "OleksiyJr1"]
[Black "jennybobby44"]
[Result "0-1"]
[WhiteElo "933"]
[BlackElo "1876"]
[TimeControl "300"]
[EndTime "12:15:14 PDT"]
[Termination "jennybobby44 won by resignation"]

1. e4 c5 2. c3 d5 3. exd5 Nf6 4. Nf3 Nxd5 5. d4 e6 6. dxc5 Bxc5 7. Bc4 O-O 8. Bg5 Be7 9. Bxe7 Qxe7 10. O-O Nb6 11.
Bd3 h6 12. Nbd2 N8d7 13. Nc4 Nxc4 14. Bxc4 a6 15. Re1 b5 16. Bb3 Bb7 17. Bc2 Nf6 18. Re3 Rad8 19. Rd3 Rxd3 20. Qxd3 Rd8 21. Qe3 Qc7 22. Qe5 Qxe5 23. Nxe5 Rd2 24. Rc1 Be4 25. Bxe4 Nxe4 26. Ng4 f5 27. Re1 Rxb2 28. f3 Nc5 29.
Ne5 Rxa2 30. Ng6 Kf7 31. Ne5+ Kf6 32. Nc6 Rc2 33. Nb4 Rxc3 34. Kf2 Nd3+ 35. Ke2 Nxb4 0-1

[Event "Live Chess"]
[Site "Chess.com"]
[Date "2023.05.20"]
[Round "-"]
[White "OceanFloater"]
[Black "LiamClery2020"]
[Result "0-1"]
[WhiteElo "979"]
[BlackElo "2086"]
[TimeControl "300"]
[EndTime "12:15:14 PDT"]
[Termination "LiamClery2020 won by resignation"]

1. e4 Nf6 2. e5 Nd5 3. Nc3 Nxc3 4. dxc3 d6 5. exd6 Qxd6 6. Qxd6 cxd6 7. Nf3 Nc6 8. Bb5 e5 9. Bxc6+ bxc6 10. c4 Be6 11. b3 Be7 12. O-O Bf6 13. Re1 e4 14. Rxe4 Bxa1 15. Ng5 O-O 16. Nxe6 fxe6 17. Rxe6 Rae8 18.
h3 Rxe6 0-1

[Event "Live Chess"]
[Site "Chess.com"]
[Date "2023.05.20"]
[Round "-"]
[White "BostonStrangler"]
[Black "TDCMF"]
[Result "1-0"]
[WhiteElo "2060"]
[BlackElo "370"]
[TimeControl "300"]
[EndTime "12:15:15 PDT"]
[Termination "BostonStrangler won by checkmate"]

1. Nf3 d5 2. g3 Nc6 3. c4 d4 4. d3 e5 5. Bg2 Bf5 6. O-O Bc5 7. b4 Nxb4 8. Nxe5 Qe7 9. Bxb7 Rd8 10. Nc6 Qd7 11.
Nxb4 Bxb4 12. Ba3 Bxa3 13. Nxa3 Qd6 14. Nb5 Qh6 15. Nxc7+ Kd7 16. Nd5 Nf6 17. Qa4+ Ke6 18. Qc6+ Rd6 19. Nf4+ Ke5 20. Qc5+ Nd5 21. cxd5 Rxd5 22.
Qxd5+ Kf6 23. Qxd4+ Ke7 24. Qe5+ Qe6 25. Nd5+ Kd7 26. Qc7+ Ke8 27. Bc6+ Qd7 28. Qc8# 1-0

[Event "Live Chess"]
[Site "Chess.com"]
[Date "2023.05.20"]
[Round "-"]
[White "elizaveta_frundina"]
[Black "bigedd"]
[Result "1-0"]
[WhiteElo "1565"]
[BlackElo "767"]
[TimeControl "300"]
[EndTime "12:15:15 PDT"]
[Termination "elizaveta_frundina won by resignation"]

1. e4 c5 2. Nf3 Nc6 3. d4 e6 4. d5 exd5 5. exd5 Nd4 6. Nxd4 cxd4 7. Qxd4 Nf6 8. d6 Qb6 9. Qe5+ Kd8 10. Bf4 Ng4 11. Qg5+ Nf6 12. Nc3 Bxd6 13. Qxg7 Re8+ 14. Be2 Bxf4 15. O-O Qc7 16. Qxf6+ 1-0